 Dungeon Crawl Stone Soup version 0.31-a0-179-g1846a1fd2d (webtiles) character file.

Game seed: 11727171242137923405

9718 qw the Cleaver (level 11, 0/71 HPs)
             Began as a Gargoyle Fighter on June 18, 2023.
             Was an Elder of Okawaru.
             Slain by an orc warrior
             ... wielding a +0 scimitar
              (16 damage)
             ... on level 11 of the Dungeon on June 19, 2023.
             The game lasted 00:05:59 (10695 turns).

qw the Cleaver (Gargoyle Fighter)                  Turns: 10695, Time: 00:06:00

Health: 0/71       AC: 26    Str: 24    XL:     11   Next: 50%
Magic:  16/16      EV:  7    Int:  9    God:    Okawaru [****..]
Gold:   568        SH:  4    Dex:  9    Spells: 10/10 levels left

rFire   . . .        Y - +1 war axe (freeze)
rCold   . . .        c - +0 buckler
rNeg    + + +        n - +0 plate armour
rPois   inf          i - +0 helmet
rElec   +            p - +2 cloak
rCorr   .            (no gloves)
SInv    .            (no boots)
Will    .....        h - amulet of faith Stlth
                     b - ring of positive energy
HPRegen 0.31/turn    r - ring of positive energy
MPRegen 0.15/turn

%: faith
@: no status effects
A: sickness immunity, AC +8, negative energy resistance 1, electricity
resistance, torment resistance 1, petrification resistance
a: Renounce Religion, Heroism, Finesse


You were on level 11 of the Dungeon.
You worshipped Okawaru.
Okawaru was greatly pleased with you.
You visited 2 branches of the dungeon, and saw 12 of its levels.

You collected 641 gold pieces.
You spent 73 gold pieces at shops.


Innate Abilities, Weirdness & Mutations

You are immune to sickness and miasma.
Your stone body is resilient. (AC +8)
You are immune to poison.
You resist negative energy. (rN+)
You are resistant to electric shocks. (rElec)
You are resistant to unholy torment.
You are immune to petrification.


   Skills:
 - Level 9.0 Fighting
 + Level 11.4 Axes
 - Level 1.4 Throwing
 - Level 8.0 Armour
 - Level 1.1 Dodging
 - Level 5.0 Shields
 + Level 7.2 Invocations


You had 10 spell levels left.
You didn't know any spells.
Your spell library was empty.

Inventory:

Hand Weapons
 l - the +8 hand axe "Giantslayer" {holy, Fly rN+ Str+3 Int-5, mikee}
   (You found it on level 6 of the Dungeon)

   Str:       It affects your strength (+3).
   Int:       It affects your intelligence (-5).
   rN:        It protects you from negative energy.
   Fly:       It grants you flight.
 t - a +2 flail of protection
 Y - a +1 war axe of freezing (weapon)
Missiles
 g - a boomerang (quivered)
Armour
 c - a +0 buckler (worn)
 i - a +0 helmet (worn)
 n - a +0 plate armour (worn)
 p - a +2 cloak (worn)
Jewellery
 b - a ring of positive energy (left hand)
 h - an amulet of faith (around neck)
 r - a ring of positive energy (right hand)
 u - an amulet of regeneration
Wands
 v - a wand of digging (4)
Scrolls
 k - 4 scrolls of identify
Potions
 a - a potion of heal wounds
 d - a potion of might
 f - 3 potions of lignification
 j - 4 potions of attraction
 m - a potion of mutation
 o - 2 potions of magic
 q - a potion of curing
 s - a potion of haste

Dungeon Overview and Level Annotations

Branches:
Dungeon (11/15)            Temple (1/1) D:5
   Lair: D:8-11         Orc: D:9-12

Altars:
Ashenzari
Cheibriados
Dithmenos
Elyvilon
Fedhas
Gozag
Hepliaklqana
Kikubaaqudgha
Makhleb
Nemelex Xobeh
Okawaru
Qazlal
Ru
Sif Muna
Trog
Uskayaw
Vehumet
Wu Jian
Xom
Yredelemnul
Zin
The Shining One

Shops:
D:3 (   D:6 :

Annotations:
D:7 2 transporters, qw's ghost, novice NaHu


Message History

You hit the orc warrior but do no damage.
You hear a shout!
An orc comes into view. It is wielding a +0 club.
The orc warrior hits you but does no damage.
The orc warrior jeers loudly, as Orcs often do.
The shadow slips into darkness.
The shadow flickers and vanishes!
Deactivating autopickup; reactivate with Ctrl-A.
You hit the orc knight. You freeze the orc knight.
The orc knight is lightly wounded.
You miss something. You closely miss the orc warrior.
The orc warrior hits you but does no damage.
The orc knight roars a battlecry!
The orc warriors go into a battle-frenzy!
The shadow strikes at you from the darkness!
Reactivating autopickup.
You hit the orc knight but do no damage.
The orc knight is lightly wounded.
You slash the shadow! You slash the orc warrior! You freeze the orc warrior.
You block the orc knight's attack.
An orc comes into view. It is wielding a +0 club.
The shadow closely misses you.
You slash the orc warrior! You freeze the orc warrior.
You kill the orc warrior!
Okawaru accepts your kill.
You slash the orc knight! You freeze the orc knight.
You barely miss the shadow.
The orc knight hits you with a +0 great sword.
The shadow barely misses you.
You hit the shadow but do no damage.
The shadow is moderately damaged.
You closely miss the orc knight.
You hit the orc warrior but do no damage.
You feel yourself speed up.
You feel like a meek peon again.
An orc comes into view. It is wielding a +0 hand axe.
The orc knight roars a battlecry!
The orc goes into a battle-frenzy!
The orc warrior hits you with a +0 scimitar!
The shadow hits you! You block the orc knight's attack.
The orc warrior hits you with a +0 scimitar!
You die...

#......#### ... #####'##
# P... #..# # .)..#
####'#### ## P....##
#.......# #. .P.....
#.......# #.
..PP..O####.......### #.
P..P.Fo#..'.......'.###.
.PP..oW@.##.....<.#..##.
...oo.o####.......##.##.
PP.h### ####+#####.##.
... #..'. . ####. ##


You could see an orc knight, 2 orc warriors, a black bear, an ogre, a shadow, a
bullfrog and 2 orcs.

Vanquished Creatures
  A two-headed ogre (D:11)
  A boulder beetle (D:10)
  A wizard (D:10)
  An ugly thing (D:11)
  Maurice (D:9)
  A gargoyle (D:10)
  Psyche (D:9)
  A kobold demonologist (D:9)
  A troll (D:10)
  A wraith (D:11)
  3 yaks (D:8)
  2 wyverns (D:10)
  3 steam dragons
  3 acid dragons
  Duvessa (D:6)
  A water moccasin (D:6)
  A black bear (D:7)
  7 orc warriors
  2 sky beasts (D:7)
  3 ogres
  3 ice beasts
  A centaur (D:6)
  3 phantoms
  3 kobold brigands
  3 bullfrogs
  A scorpion (D:4)
  3 wights (D:9)
  Dowan (D:6)
  19 killer bees
  7 howler monkeys
  3 jellies
  4 hounds
  3 orc priests
  A gnoll bouda (D:6)
  2 sleepcaps
  4 iguanas
  Ijyb (D:4)
  7 orc wizards
  9 gnolls
  9 adders
  A shadow imp (D:6)
  2 white imps
  A worm (D:4)
  26 orcs
  A ball python (D:3)
  5 endoplasms
  3 giant cockroaches
  4 goblins
  9 hobgoblins
  8 jackals
  4 quokkas
  4 bats
  3 frilled lizards (D:1)
  33 kobolds
  5 rats
232 creatures vanquished.

Notes
Turn   | Place    | Note
-------+----------+-------------------------------------------
     0 | D:1      | qw the Gargoyle Fighter began the quest for the Orb.
     0 | D:1      | Reached XP level 1. HP: 14/14 MP: 1/1
     0 | D:1      | 0 ||| qw: Version: 0.3-a-7-ge0c9b40
     0 | D:1      | 0 ||| qw: Game counter: 883
     0 | D:1      | 0 ||| qw: Always use a shield: true
     0 | D:1      | 0 ||| qw: God list: Okawaru
     0 | D:1      | 0 ||| qw: Allow faded altars: false
     0 | D:1      | 0 ||| qw: Do Orc after D:15 true
     0 | D:1      | 0 ||| qw: Do second Lair branch before Depths: true
     0 | D:1      | 0 ||| qw: Lair rune preference: random
     0 | D:1      | 0 ||| qw: Plans: Normal, Zot:1-4, Slime:5, God:TSO, Crypt,
                  | Tomb, Abyss, Pan, Hells, Win
     0 | D:1      | 0 ||| PLANNING D:1-11
    61 | D:1      | You fall into a shaft and drop 1 floor!
   206 | D:1      | Reached skill level 2 in Axes
   274 | D:1      | 274 ||| Stepping ~*~*~tactically~*~*~ (hiding).
   507 | D:1      | Reached XP level 2. HP: 19/19 MP: 2/2
   613 | D:1      | 613 ||| DROPPING +0 club.
   997 | D:1      | 997 ||| Stepping ~*~*~tactically~*~*~ (hiding).
  1254 | D:1      | 1254 ||| UPGRADING to +0 helmet.
  1259 | D:1      | 1259 ||| READING scroll labelled BIERPH WIOQAC.
  1260 | D:1      | 1260 ||| DRINKING 2 yellow potions.
  1296 | D:2      | Found a shimmering blue altar of Sif Muna.
  1337 | D:2      | Reached skill level 3 in Axes
  1408 | D:2      | Found a faded altar of an unknown god.
  1483 | D:2      | Reached XP level 3. HP: 23/23 MP: 3/3
  1994 | D:2      | 1994 ||| READING 2 scrolls labelled BEHEUX ZAUDEQ.
  1995 | D:2      | 1995 ||| DRINKING 3 emerald potions.
  2072 | D:3      | Found Alokh's Antique Weapon Shoppe.
  2105 | D:3      | 2105 ||| BUYING flail (73 gold).
  2105 | D:3      | Bought a flail for 73 gold pieces
  2105 | D:3      | 2105 ||| DROPPING +0 whip.
  2240 | D:3      | 2240 ||| Stepping ~*~*~tactically~*~*~ (stealth).
  2245 | D:3      | 2245 ||| Stepping ~*~*~tactically~*~*~ (stealth).
  2252 | D:3      | Reached XP level 4. HP: 23/28 MP: 4/4
  2359 | D:3      | 2359 ||| Stepping ~*~*~tactically~*~*~ (stealth).
  2361 | D:3      | 2361 ||| Stepping ~*~*~tactically~*~*~ (stealth).
  2363 | D:3      | 2363 ||| Stepping ~*~*~tactically~*~*~ (stealth).
  2529 | D:3      | 2529 ||| Stepping ~*~*~tactically~*~*~ (stealth).
  2548 | D:3      | Reached skill level 4 in Axes
  2569 | D:3      | 2569 ||| Stepping ~*~*~tactically~*~*~ (stealth).
  2598 | D:3      | Reached XP level 5. HP: 32/32 MP: 5/5
  2780 | D:3      | 2780 ||| Stepping ~*~*~tactically~*~*~ (hiding).
  2816 | D:3      | 2816 ||| UPGRADING to +0 chain mail.
  2826 | D:3      | 2826 ||| DROPPING +0 scale mail.
  2827 | D:3      | 2827 ||| UPGRADING to amulet of faith.
  2832 | D:3      | 2832 ||| DROPPING +6 ring of intelligence.
  2833 | D:3      | 2833 ||| READING scroll labelled IDIUREIKHLA.
  2834 | D:3      | 2834 ||| READING 2 scrolls of identify.
  2834 | D:3      | 2834 ||| IDENTIFYING pink potion
  2904 | D:4      | Noticed an ogre
  2912 | D:4      | 2912 ||| STAIRDANCE
  2914 | D:3      | Killed an ogre
  2915 | D:3      | Reached skill level 5 in Axes
  2916 | D:3      | Reached XP level 6. HP: 15/37 MP: 6/6
  3216 | D:4      | 3216 ||| Stepping ~*~*~tactically~*~*~ (stealth).
  3217 | D:4      | 3217 ||| Stepping ~*~*~tactically~*~*~ (stealth).
  3321 | D:4      | Found a white marble altar of Elyvilon.
  3335 | D:4      | Noticed Ijyb
  3342 | D:4      | Killed Ijyb
  3343 | D:4      | Reached skill level 6 in Axes
  3581 | D:4      | 3581 ||| UPGRADING to +0 plate armour.
  3591 | D:4      | 3591 ||| DROPPING +0 chain mail.
  3592 | D:4      | 3592 ||| UPGRADING to +2 cloak.
  3597 | D:4      | 3597 ||| READING scroll labelled ZINWOKKOQI.
  3600 | D:4      | 3600 ||| DRINKING 2 viscous pink potions.
  3611 | D:5      | Entered Level 5 of the Dungeon
  3749 | D:5      | Found a staircase to the Ecumenical Temple.
  3750 | D:5      | 3750 ||| PLANNING TEMPLE
  3750 | D:5      | 3750 ||| READING 3 scrolls of identify.
  3750 | D:5      | 3750 ||| IDENTIFYING bubbling silvery potion
  3751 | D:5      | 3751 ||| READING 2 scrolls of identify.
  3751 | D:5      | 3751 ||| IDENTIFYING glowing white potion
  3752 | D:5      | 3752 ||| DROPPING potion of berserk rage.
  3756 | Temple   | Entered the Ecumenical Temple
  3824 | Temple   | 3824 ||| PLANNING OKAWARU WORSHIP
  4053 | Temple   | Became a worshipper of Warmaster Okawaru
  4054 | Temple   | 4054 ||| PLANNING D:1-11
  4151 | D:5      | Reached XP level 7. HP: 43/43 MP: 7/7
  4212 | D:5      | 4212 ||| Stepping ~*~*~tactically~*~*~ (stealth).
  4295 | D:5      | 4295 ||| Stepping ~*~*~tactically~*~*~ (stealth).
  4335 | D:5      | Reached * piety under Okawaru
  4336 | D:5      | Reached skill level 7 in Axes
  4396 | D:5      | Reached skill level 1 in Invocations
  4490 | D:5      | 4490 ||| INVOKING Heroism.
  4493 | D:5      | Reached XP level 8. HP: 21/48 MP: 6/9
  4773 | D:5      | 4773 ||| UPGRADING to ring of positive energy.
  4774 | D:5      | 4774 ||| READING scroll labelled OTOADW RUUCKAM.
  4789 | D:6      | Noticed Dowan
  4790 | D:6      | 4790 ||| INVOKING Heroism.
  4795 | D:6      | Killed Dowan
  4797 | D:6      | Noticed Duvessa
  4798 | D:6      | 4798 ||| Stepping ~*~*~tactically~*~*~ (stealth).
  4807 | D:6      | 4807 ||| INVOKING Heroism.
  4816 | D:6      | Killed Duvessa
  4817 | D:6      | Reached skill level 1 in Dodging
  4817 | D:6      | Reached skill level 3 in Invocations
  4822 | D:6      | 4822 ||| Stepping ~*~*~tactically~*~*~ (stealth).
  4823 | D:6      | 4823 ||| FLEEEEING.
  4825 | D:6      | 4825 ||| STAIRDANCE
  4913 | D:6      | 4913 ||| STAIRDANCE
  4915 | D:5      | 4915 ||| INVOKING Heroism.
  5056 | D:6      | 5056 ||| INVOKING Heroism.
  5139 | D:6      | 5139 ||| Stepping ~*~*~tactically~*~*~ (stealth).
  5140 | D:6      | 5140 ||| Stepping ~*~*~tactically~*~*~ (stealth).
  5213 | D:6      | 5213 ||| Stepping ~*~*~tactically~*~*~ (hiding).
  5296 | D:6      | 5296 ||| Stepping ~*~*~tactically~*~*~ (stealth).
  5300 | D:6      | Reached skill level 8 in Axes
  5305 | D:6      | 5305 ||| Stepping ~*~*~tactically~*~*~ (hiding).
  5310 | D:6      | 5310 ||| INVOKING Heroism.
  5380 | D:6      | 5380 ||| DROPPING +0 flail.
  5587 | D:6      | Found a basalt altar of Yredelemnul.
  5589 | D:6      | Found Ugoiseg's Book Emporium.
  5623 | D:6      | Reached skill level 6 in Fighting
  5623 | D:6      | Reached XP level 9. HP: 52/55 MP: 12/12
  5735 | D:6      | 5735 ||| INVOKING Heroism.
  5790 | D:6      | 5790 ||| FLEEEEING.
  5791 | D:6      | 5791 ||| FLEEEEING.
  5792 | D:6      | 5792 ||| FLEEEEING.
  5794 | D:6      | 5794 ||| FLEEEEING.
  5795 | D:6      | 5795 ||| FLEEEEING.
  5796 | D:6      | 5796 ||| FLEEEEING.
  5797 | D:6      | 5797 ||| FLEEEEING.
  5804 | D:6      | 5804 ||| FLEEEEING.
  5805 | D:6      | 5805 ||| FLEEEEING.
  5818 | D:6      | 5818 ||| FLEEEEING.
  5821 | D:6      | 5821 ||| FLEEEEING.
  5823 | D:6      | 5823 ||| FLEEEEING.
  5824 | D:6      | 5824 ||| FLEEEEING.
  5825 | D:6      | 5825 ||| FLEEEEING.
  5826 | D:6      | 5826 ||| STAIRDANCE
  5847 | D:5      | 5847 ||| READING 2 scrolls labelled CEOLLE PAEZ.
  5848 | D:5      | 5848 ||| READING scroll labelled DABEKL ZITZEUXIU.
  5849 | D:5      | 5849 ||| READING 2 scrolls of identify.
  5849 | D:5      | 5849 ||| IDENTIFYING amethyst potion
  5850 | D:5      | 5850 ||| DROPPING scroll of blinking.
  5898 | D:6      | 5898 ||| INVOKING Heroism.
  5943 | D:6      | 5943 ||| FLEEEEING.
  5957 | D:6      | 5957 ||| Stepping ~*~*~tactically~*~*~ (stealth).
  5958 | D:6      | 5958 ||| Stepping ~*~*~tactically~*~*~ (hiding).
  5959 | D:6      | 5959 ||| Stepping ~*~*~tactically~*~*~ (hiding).
  6065 | D:6      | 6065 ||| Stepping ~*~*~tactically~*~*~ (hiding).
  6068 | D:6      | 6068 ||| INVOKING Heroism.
  6076 | D:6      | Reached ** piety under Okawaru
  6077 | D:6      | Reached skill level 9 in Axes
  6091 | D:6      | Identified the +8 hand axe "Giantslayer" {holy, Fly rN+
                  | Str+3 Int-5}
  6233 | D:7      | Found a transporter.
  6248 | D:7      | 6248 ||| Stepping ~*~*~tactically~*~*~ (hiding).
  6250 | D:7      | 6250 ||| INVOKING Heroism.
  6262 | D:7      | 6262 ||| Stepping ~*~*~tactically~*~*~ (stealth).
  6272 | D:7      | 6272 ||| DRINKING 3 potions of curing.
  6272 | D:7      | 6272 ||| (to cure confusion)
  6275 | D:7      | 6275 ||| DRINKING 2 potions of curing.
  6275 | D:7      | 6275 ||| (to cure confusion)
  6283 | D:7      | 6283 ||| DRINKING potion of curing.
  6283 | D:7      | 6283 ||| (to cure confusion)
  6420 | D:7      | Found a radiant altar of Vehumet.
  6552 | D:7      | Noticed qw's ghost (novice NaHu)
  6585 | D:7      | Found a transporter.
  6639 | D:7      | 6639 ||| INVOKING Heroism.
  6651 | D:7      | Reached skill level 6 in Armour
  6720 | D:7      | Found a broken altar of Ashenzari.
  6967 | D:7      | 6967 ||| Stepping ~*~*~tactically~*~*~ (hiding).
  7175 | D:8      | 7175 ||| Stepping ~*~*~tactically~*~*~ (hiding).
  7316 | D:8      | 7316 ||| Stepping ~*~*~tactically~*~*~ (stealth).
  7319 | D:8      | 7319 ||| Stepping ~*~*~tactically~*~*~ (stealth).
  7320 | D:8      | 7320 ||| Stepping ~*~*~tactically~*~*~ (stealth).
  7327 | D:8      | 7327 ||| INVOKING Heroism.
  7403 | D:8      | 7403 ||| DROPPING +1 flail of protection.
  7604 | D:8      | 7604 ||| INVOKING Heroism.
  7615 | D:8      | Reached skill level 10 in Axes
  7615 | D:8      | Reached XP level 10. HP: 36/63 MP: 11/13
  7618 | D:8      | 7618 ||| INVOKING Heroism.
  8029 | D:8      | 8029 ||| READING scroll labelled DANITHR URPHA.
  8030 | D:8      | 8030 ||| READING scroll labelled KUNILORITU.
  8081 | D:9      | 8081 ||| INVOKING Heroism.
  8151 | D:9      | 8151 ||| FLEEEEING.
  8152 | D:9      | 8152 ||| FLEEEEING.
  8153 | D:9      | 8153 ||| FLEEEEING.
  8225 | D:9      | 8225 ||| Stepping ~*~*~tactically~*~*~ (hiding).
  8227 | D:9      | 8227 ||| Stepping ~*~*~tactically~*~*~ (hiding).
  8228 | D:9      | 8228 ||| Stepping ~*~*~tactically~*~*~ (hiding).
  8229 | D:9      | 8229 ||| Stepping ~*~*~tactically~*~*~ (hiding).
  8231 | D:9      | 8231 ||| INVOKING Heroism.
  8249 | D:9      | 8249 ||| Stepping ~*~*~tactically~*~*~ (stealth).
  8254 | D:9      | 8254 ||| Stepping ~*~*~tactically~*~*~ (stealth).
  8257 | D:9      | 8257 ||| Stepping ~*~*~tactically~*~*~ (stealth).
  8376 | D:9      | 8376 ||| Stepping ~*~*~tactically~*~*~ (stealth).
  8431 | D:9      | Noticed a kobold demonologist
  8439 | D:9      | Noticed Maurice
  8442 | D:9      | 8442 ||| INVOKING Heroism.
  8450 | D:9      | Killed a kobold demonologist
  8450 | D:9      | Reached *** piety under Okawaru
  8482 | D:9      | Paralysed by something for 2 turns
  8486 | D:9      | Killed Maurice
  8542 | D:9      | Found a glowing silver altar of Zin.
  8664 | D:9      | 8664 ||| INVOKING Heroism.
  8667 | D:9      | 8667 ||| Stepping ~*~*~tactically~*~*~ (hiding).
  8688 | D:9      | 8688 ||| INVOKING Heroism.
  8690 | D:9      | HP: 9/64 [orc warrior/arrow (11)]
  8691 | D:9      | 8691 ||| READING scroll of teleportation.
  8692 | D:9      | 8692 ||| DRINKING 2 potions of heal wounds.
  8773 | D:9      | 8773 ||| Stepping ~*~*~tactically~*~*~ (hiding).
  8776 | D:9      | 8776 ||| INVOKING Heroism.
  8846 | D:9      | Reached skill level 11 in Axes
  9036 | D:9      | Noticed Psyche
  9037 | D:9      | 9037 ||| Stepping ~*~*~tactically~*~*~ (stealth).
  9038 | D:9      | Paralysed by Psyche for 5 turns
  9043 | D:9      | 9043 ||| INVOKING Heroism.
  9059 | D:9      | Killed Psyche
  9149 | D:9      | 9149 ||| UPGRADING to ring of positive energy.
  9150 | D:9      | 9150 ||| READING 2 scrolls labelled XUTRUJ SEUTAS.
  9151 | D:9      | 9151 ||| DROPPING scroll of poison.
  9152 | D:9      | 9152 ||| DROPPING potion of invisibility.
  9176 | D:10     | Entered Level 10 of the Dungeon
  9270 | D:10     | 9270 ||| INVOKING Heroism.
  9280 | D:10     | Reached **** piety under Okawaru
  9451 | D:10     | Reached skill level 9 in Fighting
  9516 | D:10     | Reached XP level 11. HP: 71/71 MP: 14/14
  9600 | D:10     | 9600 ||| Stepping ~*~*~tactically~*~*~ (hiding).
  9635 | D:10     | Noticed a wizard
  9642 | D:10     | Noticed a boulder beetle
  9643 | D:10     | 9643 ||| Stepping ~*~*~tactically~*~*~ (stealth).
  9647 | D:10     | Killed a wizard
  9647 | D:10     | Reached ***** piety under Okawaru
  9647 | D:10     | Received a gift from Okawaru
  9670 | D:10     | 9670 ||| INVOKING Heroism.
  9699 | D:10     | Killed a boulder beetle
  9700 | D:10     | Reached skill level 1 in Throwing
  9700 | D:10     | Reached skill level 6 in Invocations
  9781 | D:10     | 9781 ||| INVOKING Heroism.
  9798 | D:10     | 9798 ||| DRINKING 2 potions of curing.
  9798 | D:10     | 9798 ||| (to cure confusion)
 10000 | D:10     | 10000 ||| INVOKING Heroism.
 10370 | D:10     | 10370 ||| DRINKING 2 brown potions.
 10371 | D:10     | 10371 ||| READING 2 scrolls of identify.
 10371 | D:10     | 10371 ||| IDENTIFYING bubbling emerald potion
 10372 | D:10     | 10372 ||| DROPPING potion of degeneration.
 10461 | D:11     | Noticed a purple ugly thing
 10483 | D:11     | 10483 ||| INVOKING Heroism.
 10484 | D:11     | Killed a purple ugly thing
 10575 | D:11     | Noticed a two-headed ogre
 10576 | D:11     | 10576 ||| INVOKING Heroism.
 10581 | D:11     | Killed a two-headed ogre
 10675 | D:11     | 10675 ||| INVOKING Heroism.
 10683 | D:11     | Noticed an orc knight
 10695 | D:11     | HP: 16/71 [shadow (8)]
 10695 | D:11     | Slain by an orc warrior

Levels and vault maps discovered:
D:1:      minmay_arrival_widening_spiral_narrow, layout_basic, serial_aquarium,
          aquarium_bridge_straight [aquarium_subvault_bridge,
          aquarium_subvault_window, aquarium_subvault_bridge,
          aquarium_subvault_wall], aquarium_bridge_square
          [aquarium_subvault_window, aquarium_subvault_bridge,
          aquarium_subvault_bridge, aquarium_subvault_bridge],
          aquarium_window_3, aquarium_window_2, aquarium_window_2,
          aquarium_window_fake, aquarium_view_2f, aquarium_view_2d,
          minmay_tree_intersection, minmay_tetromino_i2
D:2:      layout_basic, basic_altar, chequers_ecumenical_altar_twisty
D:3:      layout_rooms, serial_shops, shop, minmay_misc_feat_chi,
          lexackson_kobold_supper
D:4:      layout_cave_pools, mainiacjoe_overflow_24_doors, grunt_ministairs_2,
          uniq_ijyb
D:5:      layout_basic, minmay_temple_entry_grid
D:6:      minmay_clustersquares, layout_loops_ring, yredelemnul_altar_generic,
          serial_shops, nicolae_shop_pleasant_corner_grove, uniq_duvessa
D:7:      layout_loops_cross, mainiacjoe_overflow_cross_hatched,
          mainiacjoe_overflow_surrounded_room, gammafunk_ghost_stat_death
D:8:      layout_gridville
D:9:      layout_loops_ring, zin_academy, skrybe_limestone_x,
          hangedman_decor_points, uniq_psyche, uniq_maurice
D:10:     minmay_distorted_concentric_squares, layout_loops_corners
D:11:     layout_roguey [special_room_orc], grunt_lair_entry_orc_guard_hut,
          ebering_ghost_xom
Temple:   minmay_temple_bridge_d

Skill      XL: |  1  2  3  4  5  6  7  8  9 10 11 |
---------------+----------------------------------+-----
Axes           | 2 3 4 5 6 7 8 10 11 | 11.4
Fighting       | 4 6 7 9 |  9.0
Armour         | 4 5 6 7 8 |  8.0
Invocations    | 2 4 7 |  7.2
Dodging        | 1 |  1.1
Shields        | 4 5 |  5.0
Throwing       | 1 |  1.4

Action                     |  1- 3 |  4- 6 |  7- 9 | 10-12 || total
---------------------------+-------+-------+-------+-------++-------
  Melee: War axe           |   131 |   129 |   372 |   338 ||   970
  Throw: Boomerang         |       |       |       |     8 ||     8
 Invoke: Heroism           |       |       |    13 |    15 ||    28
    Use: Scroll            |     2 |     5 |     4 |     5 ||    16
         Potion            |     2 |     1 |     3 |     3 ||     9
 Armour: Scale mail        |    56 |    26 |       |       ||    82
         Chain mail        |       |    35 |       |       ||    35
         Plate armour      |       |     7 |   282 |   241 ||   530
  Dodge: Dodged            |    59 |    51 |    92 |    95 ||   297
  Block: Buckler           |    25 |    26 |    72 |    62 ||   185

Table legend:
 A = Non-vault XP
 B = Vault XP
 C = Vault XP percentage of total XP
 D = Non-vault monster count
 E = Vault monster count
 F = Vault count percentage of total count
                 A         B        C        D         E       F
            +---------+---------+-------+---------+---------+-------
      Total |    9475 |    4409 |  31.8 |     195 |      37 |  15.9
            +---------+---------+-------+---------+---------+-------
        D:1 |      24 |       3 |  11.1 |      15 |       2 |  11.8
        D:2 |      35 |       0 |   0.0 |      14 |       0 |   0.0
        D:3 |     255 |      12 |   4.5 |      26 |       8 |  23.5
        D:4 |     186 |      54 |  22.5 |      13 |       3 |  18.8
        D:5 |     830 |       0 |   0.0 |      20 |       0 |   0.0
        D:6 |     836 |     878 |  51.2 |      23 |      14 |  37.8
        D:7 |     899 |       0 |   0.0 |      16 |       0 |   0.0
        D:8 |    1039 |       0 |   0.0 |      19 |       0 |   0.0
        D:9 |    2444 |     863 |  26.1 |      33 |       2 |   5.7
       D:10 |    1291 |    2295 |  64.0 |      13 |       5 |  27.8
       D:11 |    1636 |     304 |  15.7 |       3 |       3 |  50.0
            +---------+---------+-------+---------+---------+-------
